AoeStats
← COCOTVNC

Arabia

510054494Analyzed
4v4 RM · 3d ago on Sep 29, 2026· 18m 16s· 8 players
Game mode
Random Map
Map size
Large (8 player)
Population
200
Speed
Normal
Resources
Standard
Victory
Conquest
Starting age
Dark Age
Ending age
Imperial Age
RankedLock teamsTeams togetherTeam positionsShared explorationLock speedFull tech treeHidden civsTurbo modeCheats
Victory
Defeat
🇹🇼 Saxons · Taiwan
1270
+12
🇹🇼 Varangians · Taiwan
1237
+13
🇨🇳 Franks · China
1187
+15
🇪🇸 Portuguese · Spain
1177
+15
🇳🇨 Burgundians · New Caledonia
1239
-17
🇫🇷 Saxons · France
1172
-14
🇳🇨 Wei · New Caledonia
1130
-12
🇫🇷 Britons · France
1128
-12
Boy oh boy
4:15 Double-Bit Axe
6:20 Loom
9:12 Feudal Age
10:31 Bow Saw
10:37 Horse Collar
15:34 Scale Barding Armor
15:44 Heavy Plow
17:57 Wheelbarrow
COCOTVNC
5:42 Loom
9:27 Feudal Age
10:24 Double-Bit Axe
12:35 Fletching
16:48 Padded Archer Armor
K1ller401
6:49 Loom
9:01 Feudal Age
9:55 Double-Bit Axe
16:57 Fletching
Chill Trip
6:59 Loom
9:41 Feudal Age
10:13 Horse Collar
10:19 Double-Bit Axe
Runxi24
6:35 Loom
9:46 Feudal Age
10:18 Double-Bit Axe
16:19 Fletching
见面问声好
11:15 Feudal Age
15:00 Castle Age
yoooo147
6:01 Loom
8:59 Feudal Age
12:05 Fletching
12:36 Double-Bit Axe
MAVERICK
6:23 Loom
8:58 Feudal Age
9:36 Double-Bit Axe
20:50 Castle Age
Connection lost

Rejoining the realm…

Still unreachable

The connection could not be restored.

Session expired

The server has moved on; the page needs a fresh start.